 Dungeon Crawl Stone Soup version 0.20.1-1-g8b1a95d (console) character file.

3651 hilaritas the Cleaver (level 10, 0/74 HPs)
             Began as a Formicid Fighter on Mar 9, 2018.
             Was a Believer of Hepliaklqana.
             Killed from afar by Maurice (27 damage)
             ... with a wand of lightning (?/15)
             ... on level 8 of the Dungeon on Mar 10, 2018.
             The game lasted 00:21:09 (7243 turns).

hilaritas the Cleaver (Formicid Fighter)            Turns: 7243, Time: 00:21:10

Health: 0/74       AC: 14    Str: 24    XL:     10   Next: 33%
Magic:  14/14      EV:  7    Int:  8    God:    Hepliaklqana [**....]
Gold:   487        SH: 12    Dex: 10    Spells: 7/9 levels left

rFire    . . .     SeeInvis +   C - +3 battleaxe (curse)
rCold    . . .     Gourm    .   c - +1 shield
rNeg     . . .     Faith    .   e - +0 chain mail
rPois    +         Spirit   .   (helmet unavailable)
rElec    .         Reflect  .   (no cloak)
rCorr    .         Harm     .   B - +1 pair of gloves
MR       ++...                  (no boots)
Stlth    ..........             (no amulet)
Regen    0.3/turn               g - ring of poison resistance
MPRegen  0.2/turn               z - ring of protection from magic

@: no status effects
A: permanent stasis, dig shafts and tunnels, four strong arms, reduced essence,
antennae 3, rugged brown scales 1, thin metallic scales 1
a: Dig, Shaft Self, Recall Ancestor, Ancestor Identity, Renounce Religion


You were on level 8 of the Dungeon.
You worshipped Hepliaklqana.
Hepliaklqana was pleased with you.
You were hungry.

You visited 2 branches of the dungeon, and saw 9 of its levels.

You collected 487 gold pieces.

Inventory:

Hand Weapons
 a - a +1 war axe
 r - a +0 morningstar
 w - the +7 whip of the Gnat {vamp, *Corrode Str+7 Stlth+, unknown}
   (You found it on level 4 of the Dungeon)

   It inflicts no extra harm, but heals its wielder when it wounds a living foe.
   It affects your strength (+7).
   It may corrode you when you take damage.
   It makes you more stealthy.
 C - a cursed +3 battleaxe (weapon)
Missiles
 i - 5 javelins (quivered)
Armour
 c - a +1 shield (worn)
 e - a +0 chain mail (worn)
 B - a +1 pair of gloves (worn)
Jewellery
 g - a ring of poison resistance (left hand)
 s - an uncursed ring of protection from magic
 z - a ring of protection from magic (right hand)
Wands
 o - a wand of paralysis (19/24)
 y - a wand of flame (27/48)
Scrolls
 b - 2 scrolls of enchant weapon
 l - 2 scrolls of enchant armour
 n - 5 scrolls of recharging
 A - 2 scrolls of remove curse
 D - a scroll of identify
 E - a scroll of fear
 F - a scroll of amnesia
Potions
 d - 2 potions of lignification
 j - a potion of ambrosia
 k - a potion of magic
 m - a potion of heal wounds
 p - 2 potions of invisibility
 q - 4 potions of curing
 t - a potion of agility
 x - a potion of resistance
Comestibles
 f - 8 bread rations
 h - 4 royal jellies
 u - 2 meat rations
 v - 5 fruits


   Skills:
 * Level 7.9 Fighting
 - Level 10.0 Axes
 - Level 3.2 Armour
 + Level 8.3 Shields
 * Level 5.8 Invocations


You had 7 spell levels left.
You knew the following spells:

 Your Spells              Type           Power        Failure   Level  Hunger
a - Apportation           Tloc           #.....       98%         1    ##.....
b - Summon Small Mammal   Summ           #...         98%         1    ##.....


Dungeon Overview and Level Annotations

Branches:
Dungeon (8/15)             Temple (1/1) D:5
   Lair: D:8-11

Altars:
Ashenzari
Cheibriados
Dithmenos
Elyvilon
Fedhas
Gozag
Hepliaklqana
Kikubaaqudgha
Makhleb
Qazlal
Sif Muna
Vehumet
Xom
Yredelemnul
Zin

Annotations:
D:8 Maurice


Innate Abilities, Weirdness & Mutations

You cannot be hasted, slowed, berserked, paralysed or teleported.
You can dig through walls and to a lower floor.
Your four strong arms can wield two-handed weapons with a shield.
You have a pair of large antennae on your head. (SInv)
Your life essence is reduced to manifest your ancestor. (-10% HP)
You are partially covered in rugged brown scales. (AC +1, +3% HP)
You are partially covered in thin metallic scales. (AC +2)


Message History

Your shield and chain mail prevent you from hitting Maurice.
Wystan hits Maurice with a flail.
Maurice hits you with a dagger.
Maurice steals your 6 scrolls of recharging!
Maurice mumbles some strange words.
Maurice puts on a burst of speed!
You slash Maurice!
Maurice is lightly wounded.
Wystan hits Maurice with a flail!
Maurice zaps a wand.
The bolt of lightning misses you.
Wystan closely misses Maurice.
Your chain mail prevents you from hitting Maurice.
Maurice is moderately wounded.
Maurice hits you but does no damage.
Wystan hits Maurice with a flail.
You hit Maurice.
Maurice is heavily wounded.
Maurice zaps a wand.
The bolt of lightning hits you!
Wystan hits Maurice but does no damage.
You closely miss Maurice.
Maurice is heavily wounded.
Maurice zaps a wand.
The bolt of lightning hits you!
You die...

...... #..(...# ###>.... #......#
## ###### ..# . #......# .# #.##.
#......## .# #.#.....#...)..
.########### #.#.#.###..####
...........# #####.#.#......###
##########.####.....#.#..##....#
##.....# #.##.......#.....#....##
##.###.###.# #..@....#...##.....
##.# #.....# #.@R.##.#.#.##.....
##.# ####### #.........#.##.....
##.# #....##.###.##..... ...#
#.......#.....##..... ####
###.....#####.##..... ######
#.....# #.##..... ##...#
#####.#####.##.#### .#...# ..
..#.##.# .รท...#
#########.#..#.#### .#...#
#.........##.#.....
.#...##########.#R.##....#.#.....


You could see the friendly Wystan the knight and Maurice (invisible).

Vanquished Creatures
  A two-headed ogre (D:8)
  A hornet (D:7)
  Eustachio (D:5)
  Menkaure (D:6)
  A water moccasin (D:7)
  Duvessa (D:7)
  An ice beast (D:5)
  2 ogres
  The ghost of ceb the Skirmisher, an amateur DsFi (D:3)
  A centaur (D:5)
  2 bullfrogs (D:6)
  A water moccasin zombie (D:6)
  4 scorpions
  A killer bee (D:5)
  2 wights (D:7)
  A bullfrog zombie (D:6)
  A crimson imp (D:5)
  2 jellies
  2 hounds
  An orc wizard (D:6)
  3 orc priests
  A bullfrog skeleton (D:4)
  2 iguanas
  Ijyb (D:5)
  4 worker ants (D:7)
  A killer bee zombie (D:5)
  A worker ant zombie (D:5)
  4 adders (D:2)
  11 gnolls
  2 shadow imps
  A white imp (D:5)
  An ooze (D:3)
  A worm (D:2)
  4 dart slugs
  5 leopard geckos
  11 orcs
  2 ball pythons
  10 giant cockroaches
  2 goblins
  4 hobgoblins
  22 jackals
  2 quokkas (D:4)
  4 bats
  5 frilled lizards
  A jackal skeleton (D:4)
  7 kobolds
  5 rats
145 creatures vanquished.

Vanquished Creatures (collateral kills)
  2 bullfrogs (D:6)
  A gnoll sergeant (D:6)
  Dowan (D:7)
  A scorpion (D:7)
  A wight (D:7)
  A howler monkey (D:5)
  A crimson imp (D:6)
  2 hounds
  3 worker ants (D:7)
  2 gnolls (D:6)
  3 adders
  A dart slug (D:5)
  A leopard gecko (D:6)
  3 orcs
  A giant cockroach (D:7)
  4 jackals
  2 leopard gecko skeletons (D:5)
  2 butterflies (D:7)
32 creatures vanquished.

Grand Total: 177 creatures vanquished

Notes
Turn   | Place    | Note
-------+----------+-------------------------------------------
     0 | D:1      | hilaritas the Formicid Fighter began the quest for the Orb.
     0 | D:1      | Reached XP level 1. HP: 18/18 MP: 1/1
   308 | D:1      | Reached XP level 2. HP: 24/24 MP: 2/2
   616 | D:1      | Reached XP level 3. HP: 29/29 MP: 3/3
   656 | D:1      | Reached skill level 3 in Axes
  1248 | D:2      | Reached XP level 4. HP: 35/35 MP: 4/4
  1590 | D:2      | Reached skill level 4 in Axes
  1760 | D:3      | Reached XP level 5. HP: 42/42 MP: 5/5
  2001 | D:3      | Noticed ceb's ghost (amateur DsFi)
  2015 | D:3      | Killed ceb's ghost
  2015 | D:3      | Reached skill level 5 in Axes
  2015 | D:3      | Reached XP level 6. HP: 33/48 MP: 6/6
  2491 | D:3      | Found a faded altar of an unknown god.
  2666 | D:4      | Noticed an ogre
  2678 | D:4      | Killed an ogre
  2678 | D:4      | Reached skill level 6 in Axes
  2678 | D:4      | Reached XP level 7. HP: 12/54 MP: 7/7
  2758 | D:4      | Gained mutation: You have sharp toenails. [potion of mutation]
  2758 | D:4      | Gained mutation: You have razor-sharp toenails. [potion of mutation]
  2759 | D:4      | Lost mutation: You have razor-sharp toenails. [potion of mutation]
  2759 | D:4      | Lost mutation: You have sharp toenails. [potion of mutation]
  2759 | D:4      | Gained mutation: Armour fits poorly on your strangely shaped body. [potion of mutation]
  2759 | D:4      | Gained mutation: You are partially covered in iridescent scales. (AC +2) [potion of mutation]
  2760 | D:4      | Lost mutation: You are partially covered in iridescent scales. (AC +2) [potion of mutation]
  2760 | D:4      | Lost mutation: Armour fits poorly on your strangely shaped body. [potion of mutation]
  2760 | D:4      | Gained mutation: You are partially covered in thin metallic scales. (AC +2) [potion of mutation]
  2760 | D:4      | Gained mutation: You are partially covered in rugged brown scales. (AC +1, +3% HP) [potion of mutation]
  3134 | D:4      | Identified the Catalogue of Blistering Enhancements
  3209 | D:4      | Found a hazy altar of Hepliaklqana.
  3212 | D:4      | Became a worshipper of Hepliaklqana the Forgotten
  3409 | D:4      | Got a polished whip
  3508 | D:5      | Entered Level 5 of the Dungeon
  3542 | D:5      | Found a staircase to the Ecumenical Temple.
  3619 | D:5      | Found a shattered altar of Ashenzari.
  3622 | D:5      | Found a white marble altar of Elyvilon.
  3622 | D:5      | Noticed Eustachio
  3659 | D:5      | Killed Eustachio
  3659 | D:5      | Reached skill level 7 in Axes
  3659 | D:5      | Reached skill level 1 in Invocations
  3692 | D:5      | Reached skill level 5 in Shields
  3692 | D:5      | Reached XP level 8. HP: 55/56 MP: 9/9
  4170 | D:5      | Reached * piety under Hepliaklqana
  4301 | D:5      | Noticed Ijyb
  4309 | D:5      | Killed Ijyb
  4309 | D:5      | Reached skill level 8 in Axes
  4584 | D:5      | Found a shimmering altar of Xom.
  4587 | D:5      | Found an opulent altar of Gozag.
  4609 | Temple   | Entered the Ecumenical Temple
  4699 | D:6      | Found an ancient bone altar of Kikubaaqudgha.
  4932 | D:6      | Reached skill level 5 in Fighting
  5024 | D:6      | Reached XP level 9. HP: 62/63 MP: 11/11
  5045 | D:6      | Found a burning altar of Makhleb.
  5054 | D:6      | Reached skill level 9 in Axes
  5422 | D:6      | Noticed Menkaure
  5428 | D:6      | Killed Menkaure
  5587 | D:7      | Noticed Duvessa
  5587 | D:7      | Noticed Dowan
  5595 | D:7      | Killed Duvessa
  5599 | D:7      | Killed Dowan
  5943 | D:7      | Reached skill level 10 in Axes
  5978 | D:7      | Found a radiant altar of Vehumet.
  5984 | D:7      | Noticed a hornet
  5997 | D:7      | Killed a hornet
  6195 | D:7      | Reached ** piety under Hepliaklqana
  6196 | D:7      | Remembered your ancestor Wystan as a knight
  6223 | D:7      | Found a runed door.
  6225 | D:7      | Found a runed door.
  6463 | D:7      | Found a basalt altar of Yredelemnul.
  6491 | D:7      | Reached XP level 10. HP: 71/71 MP: 13/13
  6687 | D:8      | Learned a level 1 spell: Apportation
  6689 | D:8      | Learned a level 1 spell: Summon Small Mammal
  6764 | D:8      | Noticed a two-headed ogre
  6765 | D:8      | Reached skill level 5 in Invocations
  6775 | D:8      | Killed a two-headed ogre
  7231 | D:8      | Noticed Maurice
  7243 | D:8      | Killed from afar by Maurice

Skill      XL: |  1  2  3  4  5  6  7  8  9 10 |
---------------+-------------------------------+-----
Axes           | 3 4 5 6 7 8 10 | 10.0
Shields        | 4 5 7 8 |  8.3
Fighting       | 4 5 6 7 |  7.9
Invocations    | 1 2 4 5 |  5.8
Armour         | |  3.2

Action                   |  1- 3 |  4- 6 |  7- 9 | 10-12 || total
-------------------------+-------+-------+-------+-------++-------
Melee: War axe           |    84 |    91 |   337 |     3 ||   515
       Battleaxe         |       |       |       |    29 ||    29
Throw: Tomahawk          |       |       |       |     2 ||     2
Invok: Ancestor Life: Kn |       |       |     1 |       ||     1
  Use: Scroll            |     4 |     8 |     9 |     1 ||    22
       Potion            |       |     1 |     3 |       ||     4
 Stab: Distracted        |       |       |     1 |       ||     1
  Eat: Chunk             |     1 |     5 |    12 |     2 ||    20
Armor: Scale mail        |    17 |       |       |       ||    17
       Chain mail        |    21 |    37 |   155 |     8 ||   221
Dodge: Dodged            |    22 |    21 |    76 |     7 ||   126
Block: Shield            |    46 |    56 |   182 |    22 ||   306
